 Dungeon Sprint DCSS version 0.18-a0-1140-g8540535 (webtiles) character file.

55486 Kidiri the Imperceptible (level 13, -12/55 HPs)
             Began as a Spriggan Enchanter on Jan 21, 2016.
             Was the Champion of Dithmenos.
             Mangled by an orc knight
             ... wielding a +0 bardiche
              (22 damage)
             ... in the Dungeon (Sprint III: "The Ten Rune Challenge").
             The game lasted 00:24:05 (5377 turns).

Kidiri the Imperceptible (Spriggan Enchanter)       Turns: 5377, Time: 00:24:06

Health: -12/55     AC:  7    Str:  4    XL:     13   Next: 4%
Magic:  25/45      EV: 14    Int: 24    God:    Dithmenos [******]
Gold:   41         SH:  0    Dex: 19    Spells: 5 memorised, 34 levels left

rFire  x . .     SeeInvis +     e - +1 dagger (elec)
rCold  + + .     Gourm    .     k - ice dragon hide
rNeg   . . .     Faith    .     (shield restricted)
rPois  .         Spirit   .     l - +3 hat of Pondering {ponderous, MR+ MP+10 Int+5}
rElec  .         Dismiss  .     (no cloak)
rCorr  .         Reflect  .     (gloves unavailable)
SustAt .         Harm     .     (boots unavailable)
MR     +++..     NoTele   +     (no amulet)
Stlth  ++++++++++               (no ring)
                                (no ring)

@: very slightly contaminated, wreathed by umbra, very quick, extremely
resistant to hostile enchantments, uncannily stealthy
A: unfitting armour, see invisible, herbivore 3, speed 3, slow metabolism 2
a: Shadow Step, Shadow Form, Renounce Religion
}: 2/10 runes: decaying, barnacled


You were in the Dungeon.
You worshipped Dithmenos.
Dithmenos was exalted by your worship.
You were not hungry.

You visited 1 branch You collected 41 gold pieces.

Inventory:

Hand Weapons
 e - a +1 dagger of electrocution (weapon)
Missiles
 a - 10 throwing nets (quivered)
Armour
 b - a +1 robe
 k - an ice dragon hide (worn)
 l - the +3 hat of Pondering (worn) {ponderous, MR+ MP+10 Int+5}
   (You took it off Gastronok in the Dungeon)

   It affects your intelligence (+5).
   It affects your resistance to hostile enchantments.
   It affects your magic capacity (+10).
Scrolls
 j - a scroll of blinking
 m - 4 scrolls of torment {unknown}
 n - a scroll of recharging
 o - 3 scrolls of remove curse
Potions
 c - a potion of curing
 g - 2 potions of haste
 h - 2 potions of magic
 i - 3 potions of berserk rage
 p - 2 potions of might
 q - 4 potions of flight
 s - a potion of agility {unknown}
 t - a potion of ambrosia {unknown}
Comestibles
 d - a bread ration
 f - 6 fruits
 r - 26 royal jellies


   Skills:
 * Level 15.7 Short Blades
 * Level 19.9 Dodging
 * Level 21.3 Stealth
 * Level 17.2 Spellcasting
 + Level 8.2 Conjurations
 + Level 13.0 Hexes
 + Level 9.1 Ice Magic
 - Level 2.6 Invocations


You had 34 spell levels left.
You knew the following spells:

 Your Spells              Type           Power        Failure   Level  Hunger
a - Corona                Hex            ######.      1%          1    None
b - Ensorcelled Hibernat  Hex/Ice        ######       4%          2    None
c - Confuse               Hex            ######..     3%          3    None
d - Tukima's Dance        Hex            ######..     3%          3    None
e - Dazzling Spray        Conj/Hex       ######..     12%         3    None


Dungeon Overview and Level Annotations

Branches:
Dungeon (1/1)

Altars:
Cheibriados
Dithmenos
Elyvilon
Fedhas
Gozag
Kikubaaqudgha
Makhleb
Nemelex Xobeh
Okawaru
Pakellas
Qazlal
Ru
Sif Muna
Trog
Vehumet
Xom
Yredelemnul
Zin
The Shining One
Jiyva
Lugonu

Shops:
D ?(::?[:


Innate Abilities, Weirdness & Mutations

You are tiny and cannot use many weapons and most armour.
You have supernaturally acute eyesight.
You are a herbivore.
You cover ground extremely quickly.
You need consume almost no food.


Message History

Confirm with . or Enter, or press ? or * to list all spells.
Aiming: Confuse
Press: ? - help, Shift-Dir - straight line, f/p - orc priest
Aim: an orc priest, wielding a hand axe (black smoke, lightly wounded, consumed by blood-lust, umbra, chance to defeat MR: 80%)
Okay, then.
Unknown command.
Casting: Confuse
Confirm with . or Enter, or press ? or * to list all spells.
Aiming: Dazzling Spray
Press: ? - help, Shift-Dir - straight line, f/p - orc priest
Aim: an orc priest, wielding a hand axe (black smoke, lightly wounded, consumed by blood-lust, umbra)
The spray of energy hits the orc priest.
The orc priest is almost dead.
The orc priest is dazzled.
Your shadow mimicks your spell!
The shadow shard hits the orc priest.
You kill the orc priest!
Dithmenos accepts your kill.
The orc knight hits you from afar with a bardiche!!
You die...

#.###############$)##
..#___#__[#__##∩o#$$##$
..#)..#..)#._#§§§o.o..$
..###+#+###+##ooo.o...#
..#..........#oo§oo...$
..'.⌠........#§##o###$$
..#...######'#§§$$# $
..#.⌠.#__#...#o##################
..#...#__#...#§§@§#.#.#)....#....
..#+###__#...##§#))#.##.###.#....
..#.[[#__#...'##§#.#.##.#.[##....
..#___#__+...#...#..#..##))'.....
▓▓▓▓▓▓▓▓▓▓▓▓▓▓▓▓▓▓▓▓▓▓▓▓▓▓▓#.....
♣.....♣♣♣♣≈≈≈........≈≈≈...#.....
♣.≈≈≈≈+♣♣+♣≈≈≈≈≈≈≈≈≈≈≈≈♣♣P.'.....
+.....#.≈♣♣♣♣♣♣♣♣♣♣♣♣♣♣♣♣PP#.....
♣♣♣♣♣♣#..♣♣ ♣♣♣##+###


You could see an orc knight.

Vanquished Creatures
  Rupert (D)
  A kraken (D)
  Gastronok (D)
  Maud (D)
  2 dire elephants (D)
  3 hydras (D)
  4 ice dragons (D)
  2 alligator snapping turtles (D)
  Erolcha (D)
  4 death yaks (D)
  A death drake (D)
  A spriggan druid (D)
  A lindwurm (D)
  A deep elf mage (D)
  2 elephants (D)
  2 black mambas (D)
  2 spiny frogs (D)
  A komodo dragon (D)
  A fire drake (D)
  3 wandering mushrooms (D)
  A queen bee (D)
  2 giant leeches (D)
  8 blink frogs (D)
  4 snapping turtles (D)
  3 redbacks (D)
  2 spriggans (D)
  A shadow (D)
  2 hill giants (D)
  A spatial vortex (D)
  A hydra simulacrum (D)
  An orc warrior (D)
  A swamp drake (D)
  A necrophage (D)
  A water elemental (D)
  32 killer bees (D)
  An electric eel (D)
  A jelly (D)
  2 orc priests (D)
  A wizard (D)
  Jessica (D)
  A necromancer (D)
  A wolf (D)
  3 humans (D)
  A kobold demonologist (D)
  2 oozes (D)
  2 swamp drake simulacra (D)
  2 orcs (D)
  A rat (D)
  A plant (D)
  3 tentacles (D)
119 creatures vanquished.

Vanquished Creatures (collateral kills)
  2 redbacks (D)
  3 two-headed ogres (D)
  An orc wizard (D)
  An orc (D)
7 creatures vanquished.

Vanquished Creatures (others)
  2 draconian scorchers (D)
  Nessos (D)
  A dancing weapon (D)
  2 yaktaurs (D)
  A fungus (D)
  8 plants (D)
  12 tentacles (D)
  214 tentacle segments (D)
241 creatures vanquished.

Grand Total: 367 creatures vanquished

Notes
Turn   | Place    | Note
--------------------------------------------------------------
     0 | D        | Kidiri the Spriggan Enchanter began the quest for the Orb.
     0 | D        | Reached XP level 1. HP: 9/9 MP: 5/5
    40 | D        | Killed a yaktaur
   144 | D        | Killed a white draconian scorcher
   178 | D        | Reached skill level 5 in Stealth
   178 | D        | Reached XP level 2. HP: 13/13 MP: 5/7
   182 | D        | Learned a level 2 spell: Ensorcelled Hibernation
   228 | D        | Noticed Jessica
   233 | D        | Killed Jessica
   233 | D        | Reached skill level 5 in Dodging
   233 | D        | Reached skill level 6 in Stealth
   233 | D        | Reached skill level 1 in Ice Magic
   233 | D        | Reached XP level 3. HP: 16/16 MP: 7/9
   238 | D        | Learned a level 3 spell: Confuse
   242 | D        | Learned a level 3 spell: Dazzling Spray
   413 | D        | Reached skill level 7 in Stealth
   413 | D        | Reached skill level 5 in Spellcasting
   413 | D        | Reached XP level 4. HP: 21/21 MP: 9/12
   420 | D        | Learned a level 3 spell: Tukima's Dance
   438 | D        | Gained mutation: You are robust (+10% HP). [potion of mutation]
   438 | D        | Gained mutation: You are resistant to hostile enchantments. [potion of mutation]
   438 | D        | Gained mutation: You are clumsy. (Dex -2) [potion of mutation]
   439 | D        | Gained mutation: You regenerate slowly when monsters are visible. [potion of mutation]
   440 | D        | Lost mutation: You are resistant to hostile enchantments. [potion of cure mutation]
   440 | D        | Lost mutation: You are clumsy. (Dex -2) [potion of cure mutation]
   440 | D        | Lost mutation: You are robust (+10% HP). [potion of cure mutation]
   440 | D        | Lost mutation: You regenerate slowly when monsters are visible. [potion of cure mutation]
   448 | D        | Noticed a water elemental
   450 | D        | Killed a water elemental
   450 | D        | Reached skill level 8 in Stealth
   450 | D        | Reached skill level 1 in Conjurations
   450 | D        | Reached skill level 5 in Hexes
   450 | D        | Reached XP level 5. HP: 24/24 MP: 14/14
   463 | D        | Noticed a shadow
   465 | D        | Killed a shadow
   465 | D        | Reached skill level 9 in Stealth
   465 | D        | Reached XP level 6. HP: 28/28 MP: 15/17
   483 | D        | Killed a white draconian scorcher
   510 | D        | Found an oddly glowing altar of Pakellas.
   510 | D        | Found a stormy altar of Qazlal.
   511 | D        | Found a sacrificial altar of Ru.
   511 | D        | Found a burning altar of Makhleb.
   511 | D        | Found a viscous altar of Jiyva.
   511 | D        | Found a shimmering altar of Xom.
   511 | D        | Found a shadowy altar of Dithmenos.
   511 | D        | Found a sparkling altar of Nemelex Xobeh.
   511 | D        | Found a corrupted altar of Lugonu.
   511 | D        | Found an opulent altar of Gozag.
   511 | D        | Noticed a spatial vortex
   515 | D        | Became a worshipper of Dithmenos the Shadowed
   538 | D        | Killed a spatial vortex
   538 | D        | Reached skill level 10 in Stealth
   538 | D        | Reached skill level 1 in Invocations
   654 | D        | Found a radiant altar of Vehumet.
   655 | D        | Found a deep blue altar of Sif Muna.
   655 | D        | Found an ancient bone altar of Kikubaaqudgha.
   658 | D        | Reached * piety under Dithmenos
   675 | D        | Found a glowing silver altar of Zin.
   676 | D        | Found a glowing golden altar of the Shining One.
   676 | D        | Found a white marble altar of Elyvilon.
   676 | D        | Noticed a deep elf mage
   678 | D        | Killed a deep elf mage
   678 | D        | Reached skill level 10 in Dodging
   678 | D        | Reached skill level 11 in Stealth
   678 | D        | Reached XP level 7. HP: 32/32 MP: 18/20
   693 | D        | Found an iron altar of Okawaru.
   694 | D        | Found a bloodstained altar of Trog.
   694 | D        | Noticed a human
   694 | D        | Noticed a human
   696 | D        | Killed a human
   696 | D        | Reached ** piety under Dithmenos
   696 | D        | Reached skill level 12 in Stealth
   697 | D        | Killed a human
   697 | D        | Reached XP level 8. HP: 36/36 MP: 20/22
   713 | D        | Found a snail-covered altar of Cheibriados.
   723 | D        | Found a basalt altar of Yredelemnul.
   723 | D        | Found a blossoming altar of Fedhas.
   918 | D        | Reached *** piety under Dithmenos
   972 | D        | Reached skill level 10 in Spellcasting
   978 | D        | Noticed Erolcha
   989 | D        | Reached skill level 13 in Stealth
   994 | D        | Killed Erolcha
   994 | D        | Reached **** piety under Dithmenos
   997 | D        | Reached XP level 9. HP: 39/39 MP: 4/24
  1347 | D        | Noticed a queen bee
  1351 | D        | Reached skill level 5 in Ice Magic
  1352 | D        | Reached ***** piety under Dithmenos
  1356 | D        | Reached skill level 14 in Stealth
  1360 | D        | Reached skill level 10 in Short Blades
  1547 | D        | Reached ****** piety under Dithmenos
  1744 | D        | Killed a queen bee
  1758 | D        | Reached skill level 5 in Conjurations
  1975 | D        | Noticed a wandering mushroom
  1976 | D        | Noticed a wandering mushroom
  1976 | D        | Noticed a wandering mushroom
  1992 | D        | Killed a wandering mushroom
  1992 | D        | Reached skill level 15 in Stealth
  1995 | D        | Killed a wandering mushroom
  1995 | D        | Reached XP level 10. HP: 44/44 MP: 7/27
  2094 | D        | Noticed a spiny frog
  2094 | D        | Noticed a spiny frog
  2097 | D        | Killed a spiny frog
  2100 | D        | Killed a spiny frog
  2113 | D        | Reached skill level 16 in Stealth
  2116 | D        | Reached skill level 15 in Dodging
  2135 | D        | Noticed a lindwurm
  2148 | D        | Killed a lindwurm
  2359 | D        | Noticed Maud
  2361 | D        | Reached skill level 10 in Hexes
  2363 | D        | Killed Maud
  2434 | D        | Noticed a five-headed hydra
  2434 | D        | Noticed a four-headed hydra
  2435 | D        | Reached skill level 17 in Stealth
  2447 | D        | Killed a four-headed hydra
  2447 | D        | Reached XP level 11. HP: 47/47 MP: 12/29
  2470 | D        | Killed a five-headed hydra
  2600 | D        | Noticed a death drake
  2602 | D        | Killed a death drake
  2609 | D        | Found a blossoming altar of Fedhas.
  2609 | D        | Noticed a spriggan druid
  2611 | D        | Killed a spriggan druid
  2658 | D        | Noticed an ice dragon
  2660 | D        | Noticed an ice dragon
  2677 | D        | Killed an ice dragon
  2677 | D        | Reached skill level 18 in Stealth
  2693 | D        | Killed an ice dragon
  2718 | D        | Noticed an ice dragon
  2751 | D        | Killed an ice dragon
  2764 | D        | Noticed an ice dragon
  2776 | D        | Killed an ice dragon
  2902 | D        | Found Peih's Magic Scroll Emporium.
  2902 | D        | Found Kerrudi's Antique Armour Shop.
  2902 | D        | Found Jaxelymm's Book Shoppe.
  3028 | D        | Noticed a seven-headed hydra
  3043 | D        | Killed a seven-headed hydra
  3140 | D        | Got a decaying rune of Zot
  3318 | D        | Reached skill level 15 in Spellcasting
  3571 | D        | Noticed Rupert
  3576 | D        | Killed Rupert
  3576 | D        | Reached skill level 19 in Stealth
  3576 | D        | Reached XP level 12. HP: 51/51 MP: 27/32
  3600 | D        | Noticed a death yak
  3601 | D        | Noticed a death yak
  3601 | D        | Noticed an azure jelly
  3601 | D        | Noticed a death yak
  3601 | D        | Noticed an azure jelly
  3601 | D        | Noticed a death yak
  3602 | D        | Killed a death yak
  3603 | D        | Killed a death yak
  3614 | D        | Killed a death yak
  3620 | D        | Killed a death yak
  3786 | D        | Reached skill level 20 in Stealth
  3870 | D        | Noticed a kraken
  4128 | D        | Killed a kraken
  4128 | D        | Reached skill level 15 in Short Blades
  4267 | D        | Noticed an alligator snapping turtle
  4268 | D        | Found Joniowipir's Magic Scroll Shoppe.
  4268 | D        | Found Pisim's Antique Weapon Boutique.
  4268 | D        | Found Hinnaema's Book Shop.
  4268 | D        | Noticed an alligator snapping turtle
  4311 | D        | Killed an alligator snapping turtle
  4313 | D        | Killed an alligator snapping turtle
  4321 | D        | Got a barnacled rune of Zot
  4367 | D        | Noticed an azure jelly
  4367 | D        | Noticed an azure jelly
  4368 | D        | Noticed a dire elephant
  4368 | D        | Noticed a dire elephant
  4368 | D        | Noticed Gastronok
  4383 | D        | Killed a dire elephant
  4457 | D        | Killed Nessos
  4644 | D        | Killed Gastronok
  4644 | D        | Reached skill level 21 in Stealth
  4736 | D        | Killed a dire elephant
  4736 | D        | Reached XP level 13. HP: 55/55 MP: 17/35
  4845 | D        | Found Peih's Magic Scroll Emporium.
  4845 | D        | Found Kerrudi's Antique Armour Shop.
  4857 | D        | Found Jaxelymm's Book Shoppe.
  4902 | D        | Found a blossoming altar of Fedhas.
  4994 | D        | Found Joniowipir's Magic Scroll Shoppe.
  4994 | D        | Found Pisim's Antique Weapon Boutique.
  4994 | D        | Found Hinnaema's Book Shop.
  5192 | D        | Found a snail-covered altar of Cheibriados.
  5195 | D        | Found a basalt altar of Yredelemnul.
  5195 | D        | Found a blossoming altar of Fedhas.
  5286 | D        | Found a radiant altar of Vehumet.
  5286 | D        | Found a deep blue altar of Sif Muna.
  5286 | D        | Found an ancient bone altar of Kikubaaqudgha.
  5298 | D        | Found a glowing silver altar of Zin.
  5298 | D        | Found a glowing golden altar of the Shining One.
  5298 | D        | Found a white marble altar of Elyvilon.
  5306 | D        | Found an iron altar of Okawaru.
  5306 | D        | Found a bloodstained altar of Trog.
  5331 | D        | Found an oddly glowing altar of Pakellas.
  5331 | D        | Found a stormy altar of Qazlal.
  5331 | D        | Found a sacrificial altar of Ru.
  5331 | D        | Found a burning altar of Makhleb.
  5331 | D        | Found a shimmering altar of Xom.
  5332 | D        | Found a viscous altar of Jiyva.
  5332 | D        | Found a shadowy altar of Dithmenos.
  5332 | D        | Found a sparkling altar of Nemelex Xobeh.
  5332 | D        | Found a corrupted altar of Lugonu.
  5332 | D        | Found an opulent altar of Gozag.
  5354 | D        | Found Geubomour's Book Boutique.
  5377 | D        | Mangled by an orc knight

Vault maps used:
D:        dungeon_sprint_mu

Action                   |  1- 3 |  4- 6 |  7- 9 | 10-12 | 13-15 || total
-------------------------+-------+-------+-------+-------+-------++-------
Melee: Dagger            |    17 |    20 |    97 |    74 |    10 ||   218
 Cast: Corona            |     6 |       |     2 |       |       ||     8
       Ensorcelled Hiber |     4 |     2 |    28 |    36 |       ||    70
       Dazzling Spray    |       |     5 |    17 |    63 |     3 ||    88
       Confuse           |       |       |     9 |     9 |     1 ||    19
       Tukima's Dance    |       |       |     5 |       |     2 ||     7
Invok: Shadow Step       |       |       |     2 |     8 |     1 ||    11
  Use: Potion            |       |     5 |       |       |       ||     5
       Scroll            |       |     3 |       |       |       ||     3
 Stab: Sleeping          |     5 |     6 |    22 |    34 |       ||    67
       Invisible         |       |       |     5 |    12 |       ||    17
       Confused          |       |       |     1 |     3 |       ||     4
       Distracted        |       |       |       |       |     1 ||     1
  Eat: Bread ration      |       |       |       |     1 |       ||     1
